 Dungeon Crawl Stone Soup version 0.25-a0-185-g6cfeca75b2 (webtiles) character file.

Game seed: 9947604421224449133, levelgen mode: deterministic

32 MisterFreud the Chiller (level 3, -3/21 HPs)
             Began as an Octopode Ice Elementalist on Nov 27, 2019.
             Slain by Jessica
             ... wielding a +9 club
              (9 damage)
             ... on level 2 of the Dungeon.
             The game lasted 00:01:44 (1347 turns).

MisterFreud the Chiller (Octopode Ice Elementalist) Turns: 1347, Time: 00:01:44

Health: -3/21      AC:  1    Str:  7    XL:     3   Next: 27%
Magic:  6/6        EV: 13    Int: 18    God:
Gold:   99         SH:  0    Dex: 14    Spells: 3/7 levels left

rFire    + . .     SeeInvis .     - Unarmed
rCold    . . .     Gourm    .   (no shield)
rNeg     . . .     Faith    .   (helmet restricted)
rPois    .         Spirit   .   (no amulet)
rElec    .         Reflect  .   d - ring of protection from fire
rCorr    .         Harm     .   h - +2 ring of dexterity
MR       .....                  (no ring)
Stlth    +++.......             (no ring)
HPRegen  0.07/turn              (no ring)
MPRegen  0.10/turn              (no ring)
                                (no ring)
                                (no ring)

@: no status effects
A: almost no armour, stealthy swim, amphibious, 8 rings, constrict 8, camouflage
1, gelatinous body 1
a: no special abilities


You were on level 2 of the Dungeon.
You were not hungry.

You visited 1 branch of the dungeon, and saw 2 of its levels.

You collected 99 gold pieces.

Inventory:

Jewellery
 d - a ring of protection from fire (left tentacle)
 h - a +2 ring of dexterity (right tentacle)
Scrolls
 e - a scroll of identify {unknown}
 g - a scroll of fear {unknown}
 k - a scroll of enchant weapon {unknown}
Potions
 c - 2 potions of agility {unknown}
 f - 2 potions of lignification {unknown}
 i - 3 potions of curing {unknown}
 j - a potion of haste {unknown}
Comestibles
 a - 5 chunks of flesh
 b - 2 rations


   Skills:
 - Level 2.0 Dodging
 - Level 2.6 Stealth
 + Level 1.2 Unarmed Combat
 + Level 2.5 Spellcasting
   Level 1.0 Conjurations
 * Level 3.5 Ice Magic


You had 3 spell levels left.
You knew the following spells:

 Your Spells              Type           Power        Failure   Level  Hunger
a - Freeze                Ice            ###.         4%          1    #......
b - Ozocubu's Armour      Chrm/Ice       #.......     26%         3    ###....

Your spell library contained the following spells:

 Spells                   Type           Power        Failure   Level  Hunger
 Throw Frost              Conj/Ice       ##....       11%         2    ##.....
 Throw Icicle             Conj/Ice       ##......     56%         4    #####..
 Summon Ice Beast         Ice/Summ       #.......     63%         4    #####..


Dungeon Overview and Level Annotations

Branches:
Dungeon (2/15)

Altars:

Annotations:
D:2 Jessica


Innate Abilities, Weirdness & Mutations

You cannot wear most types of armour.
You are very stealthy in the water. (Stealth+)
You are amphibious.
You can wear up to eight rings at the same time.
You can use your tentacles to constrict eight enemies at once.
Your skin changes colour to match your surroundings (Stealth+).
Your rubbery body absorbs attacks. (AC +1, EV +1)


Message History

Jessica is nearby!
The helpless Jessica fails to defend herself.
You tentacle-slap Jessica but do no damage.
You grab Jessica. You constrict Jessica.
Jessica points at you and mumbles some strange words.
Pain shoots through your body!
You barely miss Jessica. You squeeze Jessica.
Jessica is moderately wounded.
You constrict Jessica, but do no damage.
Jessica hits you with a +9 club.
You tentacle-slap Jessica but do no damage.
Jessica is moderately wounded.
You constrict Jessica, but do no damage.
Jessica hits you with a +9 club.
* * * LOW HITPOINT WARNING * * *
You are too injured to fight recklessly!
You completely miss Jessica.
Jessica is moderately wounded.
You constrict Jessica. Jessica hits you with a +9 club!
You die...

....... ##
....... ..
....... #.
....... ..
.......##.
.........
......@.#
#.########@#
#........#.#
########รท#.#
#.#.# #
#####.#.#####.
##.####
#....(........#
.......
#..#....#######
.......##.###.###
.......#.##
##.###


You could see Jessica.

Vanquished Creatures
  4 leopard geckos
  4 giant cockroaches
  3 goblins (D:1)
  4 hobgoblins (D:1)
  2 bats (D:1)
  4 frilled lizards
  3 kobolds (D:1)
  2 rats
26 creatures vanquished.

Notes
Turn   | Place    | Note
-------+----------+-------------------------------------------
     0 | D:1      | MisterFreud the Octopode Ice Elementalist began the quest
                  | for the Orb.
     0 | D:1      | Reached XP level 1. HP: 11/11 MP: 3/3
    40 | D:1      | Reached XP level 2. HP: 17/17 MP: 5/5
   647 | D:1      | Reached skill level 1 in Unarmed Combat
   801 | D:1      | Reached XP level 3. HP: 12/21 MP: 6/6
  1120 | D:1      | Learned a level 3 spell: Ozocubu's Armour
  1339 | D:2      | Noticed Jessica
  1347 | D:2      | Slain by Jessica

Levels and vault maps discovered:
D:1:      minmay_arrival_radiant_lines, layout_basic
D:2:      minmay_wonky_spiral, layout_loops_ring,
          nicolae_ru_the_path_less_chosen, first_ration, uniq_natasha,
          uniq_jessica

Skill      XL: |  1  2 |
---------------+-------+-----
Unarmed Combat | 1 |  1.2
Dodging        | |  2.0
Stealth        | |  2.6
Spellcasting   | |  2.5
Conjurations   | |  1.0
Ice Magic      | |  3.5

Action                   || total
-------------------------++-------
Melee: Unarmed           ||    71
       Constrict         ||    25
       Tentacles         ||    14
 Stab: Sleeping          ||     9
  Eat: Chunk             ||     1
Armor: Skin              ||     4
Dodge: Dodged            ||    43

Table legend:
 A = Non-vault XP
 B = Vault XP
 C = Vault XP percentage of total XP
 D = Non-vault monster count
 E = Vault monster count
 F = Vault count percentage of total count
                 A         B        C        D         E       F
            +---------+---------+-------+---------+---------+-------
      Total |      47 |       0 |   0.0 |      26 |       0 |   0.0
            +---------+---------+-------+---------+---------+-------
        D:1 |      40 |       0 |   0.0 |      22 |       0 |   0.0
        D:2 |       7 |       0 |   0.0 |       4 |       0 |   0.0
            +---------+---------+-------+---------+---------+-------
